 Dungeon Crawl Stone Soup version 0.31-a0-152-g6aa68a64a1 (webtiles) character file.

Game seed: 15043258696170500289

37 qw the Shooter (level 3, 0/21 HPs)
             Began as a Gargoyle Hunter on June 11, 2023.
             Slain by a hobgoblin (3 damage)
             ... led by Robin
             ... on level 2 of the Dungeon.
             The game lasted 00:00:16 (896 turns).

qw the Shooter (Gargoyle Hunter)                     Turns: 896, Time: 00:00:17

Health: 0/21       AC:  8    Str: 14    XL:     3   Next: 41%
Magic:  3/3        EV: 11    Int:  9    God:
Gold:   55         SH:  0    Dex: 15    Spells: 2/2 levels left

rFire   . . .        Y - +0 shortbow
rCold   . . .        (shield currently unavailable)
rNeg    + . .        e - +0 ring mail
rPois   inf          (no helmet)
rElec   +            (no cloak)
rCorr   .            (no gloves)
SInv    .            (no boots)
Will    .....        (no amulet)
Stlth   +            (no ring)
HPRegen 0.23/turn    (no ring)
MPRegen 0.08/turn

%: no passive effects
@: no status effects
A: sickness immunity, AC +3, negative energy resistance 1, electricity
resistance, torment resistance 1, petrification resistance
a: no special abilities


You were on level 2 of the Dungeon.
You visited 1 branch of the dungeon, and saw 2 of its levels.

You collected 55 gold pieces.


Innate Abilities, Weirdness & Mutations

You are immune to sickness and miasma.
Your stone body is resilient. (AC +3)
You are immune to poison.
You resist negative energy. (rN+)
You are resistant to electric shocks. (rElec)
You are resistant to unholy torment.
You are immune to petrification.


   Skills:
 - Level 2.1 Fighting
 + Level 4.9 Ranged Weapons
 - Level 1.3 Armour
 - Level 1.5 Dodging
 - Level 1.1 Stealth


You had 2 spell levels left.
You didn't know any spells.
Your spell library was empty.

Inventory:

Hand Weapons
 Y - a +0 shortbow (weapon)
Armour
 e - a +0 ring mail (worn)
Scrolls
 a - a scroll of magic mapping {unknown}
Potions
 b - a potion of brilliance {unknown}
 g - a potion of magic {unknown}
 h - a potion of curing {unknown}
 i - a potion of lignification

Dungeon Overview and Level Annotations

Branches:
Dungeon (2/15)

Altars:


Message History

Robin is moderately wounded.
The goblin hits you with a +1 dagger of speed.
A goblin comes into view. It is wielding a +0 dagger.
Robin throws the goblin at you! The goblin misses you.
You shoot an arrow. The arrow hits Robin.
Robin is heavily wounded.
The goblin no longer looks unusually strong. x2
The goblin hits you with a +0 club. Robin barely misses you.
The goblin hits you but does no damage.
The goblin hits you with a +1 dagger of speed.
The goblin closely misses you.
Robin roars a battlecry!
The goblins go into a battle-frenzy!
You hear a shout!
You shoot an arrow. The arrow hits Robin.
Robin is almost dead.
The goblin hits you with a +1 dagger of speed. x2
The goblin hits you with a +0 club. Robin hits you but does no damage.
You shoot an arrow. The arrow hits Robin!
You kill Robin!
The goblin hits you with a +1 dagger of speed.
The goblin hits you with a +0 club. The goblin hits you but does no damage.
The dart slug launches a dart at you.
The slug dart hits you but does no damage.
You shoot an arrow. The arrow hits the goblin.
The goblin is moderately wounded.
The hobgoblin no longer looks unusually strong.
The goblin hits you but does no damage. x2
A goblin comes into view. It is wielding a +2 dagger of draining.
The goblin barely misses you. The hobgoblin barely misses you.
The hobgoblin closely misses you. The goblin hits you but does no damage.
You shoot an arrow. The arrow closely misses the goblin.
The goblin hits you but does no damage. x2; The hobgoblin closely misses you.
The goblin hits you but does no damage. The hobgoblin closely misses you.
A goblin comes into view. It is wielding a +0 dagger.
You shoot an arrow. The arrow barely misses the goblin.
The goblin no longer looks unusually strong.
The goblin closely misses you. The hobgoblin hits you.
The goblin hits you but does no damage. The hobgoblin hits you.
You die...

#..#..#.##
....###.#..############
#### #.#>............#
#.#.####........# #...#
#........# ##..#
#........# .l.#
#........# ## .#g##
#........#
##...#@#####........#
....g.ggg.......######
g.#####w######### .gg#
...### #.... #... #..
w..


You could see a dart slug, 2 hobgoblins, 6 goblins and a frilled lizard.

Vanquished Creatures
  Robin (D:2)
  An adder (D:2)
  A dart slug (D:1)
  A ball python (D:1)
  2 endoplasms (D:1)
  A giant cockroach (D:2)
  2 goblins
  2 kobolds
  A quokka (D:1)
  A bat (D:2)
  3 rats (D:1)
16 creatures vanquished.

Notes
Turn   | Place    | Note
-------+----------+-------------------------------------------
     0 | D:1      | qw the Gargoyle Hunter began the quest for the Orb.
     0 | D:1      | Reached XP level 1. HP: 12/12 MP: 1/1
     0 | D:1      | 0 ||| qw: Version: 0.2-a-29-g7dc7884
     0 | D:1      | 0 ||| qw: Game counter: 4035
     0 | D:1      | 0 ||| qw: Always use a shield: true
     0 | D:1      | 0 ||| qw: God list: Okawaru
     0 | D:1      | 0 ||| qw: Allow faded altars: false
     0 | D:1      | 0 ||| qw: Do Orc after D:15 true
     0 | D:1      | 0 ||| qw: Do second Lair branch before Depths: true
     0 | D:1      | 0 ||| qw: Lair rune preference: random
     0 | D:1      | 0 ||| qw: Plans: Normal, Zot:1-4, Slime:5, God:TSO, Crypt,
                  | Tomb, Abyss, Pan, Hells, Win
     0 | D:1      | 0 ||| PLANNING D:1-11
   167 | D:1      | Reached XP level 2. HP: 17/17 MP: 2/2
   659 | D:1      | 659 ||| UPGRADING to +0 ring mail.
   669 | D:1      | 669 ||| DROPPING +0 leather armour.
   670 | D:1      | 670 ||| READING 2 scrolls labelled ZIXTAG JULAPT.
   671 | D:1      | 671 ||| READING scroll labelled XEIGEOMU DYOTACO.
   672 | D:1      | 672 ||| READING scroll labelled DIAPTU VENONATH.
   673 | D:1      | 673 ||| DRINKING 2 grey potions.
   696 | D:1      | 696 ||| DROPPING scroll of blinking.
   697 | D:1      | 697 ||| DROPPING scroll of butterflies.
   776 | D:2      | HP: 3/17 [adder (3)]
   778 | D:2      | Reached skill level 1 in Armour
   779 | D:2      | Reached XP level 3. HP: 3/21 MP: 3/3
   879 | D:2      | Noticed Robin
   885 | D:2      | 885 ||| Stepping ~*~*~tactically~*~*~ (outnumbered).
   893 | D:2      | Killed Robin
   893 | D:2      | HP: 5/21 [goblin/+1 dagger of speed[Robin] (1)]
   896 | D:2      | Slain by a hobgoblin

Levels and vault maps discovered:
D:1:      spicycebolla_arrival_xxxplode, layout_loops_ring, item_on_display_a
D:2:      layout_rooms, fountainhead, uniq_terence, uniq_robin

Skill      XL: |  1  2 |
---------------+-------+-----
Armour         | 1 |  1.3
Fighting       | |  2.1
Ranged Weapons | |  4.9
Dodging        | |  1.5
Stealth        | |  1.1

Action                     || total
---------------------------++-------
   Fire: Shortbow          ||    65
    Use: Scroll            ||     3
         Potion            ||     1
 Armour: Leather armour    ||     4
         Ring mail         ||    30
  Dodge: Dodged            ||    32

Table legend:
 A = Non-vault XP
 B = Vault XP
 C = Vault XP percentage of total XP
 D = Non-vault monster count
 E = Vault monster count
 F = Vault count percentage of total count
                 A         B        C        D         E       F
            +---------+---------+-------+---------+---------+-------
      Total |      37 |      17 |  31.5 |      14 |       2 |  12.5
            +---------+---------+-------+---------+---------+-------
        D:1 |      19 |       0 |   0.0 |      10 |       0 |   0.0
        D:2 |      18 |      17 |  48.6 |       4 |       2 |  33.3
            +---------+---------+-------+---------+---------+-------
